Description

ByuN vs Rouge in KeSPA Cup Round of 16.

Battle plan:

2 min 15 sec: ByuN harasses with 1 Reaper!

5 min: 2x Medivacs + 16x Marine STIM attack, but he waits to have hellbats join the party.

5 min 45 sec: ByuN attacks at with 16x Marines, 1x Reaper, 4x Hellbats, 2x Medivacs and wins the game ;-)

VOD

https://www.youtube.com/watch?v=pd78qW_iB2M

Build Order

Get SALT Encoding   

  14  0:18  Supply Depot  
  16  0:39  Barracks  
  16  0:42  Refinery  
  19  1:25  Reaper  
  20  1:27  Orbital Command  
  20  1:40  Command Center  
  20  1:50  Barracks  
  21  1:59  Barracks Reactor  
  21  2:03  Supply Depot  
  23  2:20  Factory  
  23  2:24  Refinery  
  26  2:38  Barracks Tech Lab  
  29  2:53  Orbital Command  
  30  3:00  Stimpack  
  36  3:22  Starport  
  36  3:27  Factory Reactor  
  41  3:39  Supply Depot  
  44  3:52  Supply Depot Build 1 supply continuously from now on  
  49  4:09  Medivac x2  
  54  4:20  Factory Switch with Barrack's reaktor  
  58  4:27  Hellion x2  
  64  4:43  Barracks Switch with Starports reaktor  
  65  4:50  Hellion x2  
  69  4:51  Medivac  
  73  4:53  Armory STIM DONE at 5 MIN  
  75  5:10  Combat Shields  
  85  5:30  Command Center Attack with 16 Marines 1 Reaper 4 Hellbats 2 Medivacs  
Spawning Tool Build Advisor. Get it on Overwolf

Go to:

Details

  • Created by: Strikhue
  • Published on: Sep 30, 2016
  • Modified on: Oct 25, 2016
  • Patch: Pre-3.8.0
Show
View Real Time Build Order
Export as new Build Order

Comments (6)

On Nov. 3, 2016, 5:40 a.m., Strikhue  said:

I dont know what you meen by legend variation!? The Build is as Byun wanteded it to be just like in the VOD :-)

On Nov. 2, 2016, 4:22 p.m., zardilior  said:

going to try the legend variation have you uploaded it dude?

On Nov. 2, 2016, 4:22 p.m., zardilior  said:

going to try the legend variation have you uploaded it dude?

On Oct. 22, 2016, 7:42 p.m., legend  said:

As this build order becomes more common, and Zergs start adapting to it, I found a strong variation that catches some Zergs off-guard:

Faster Armory
Don't Swap Starport and Factory (Naked Starport, Reactor'd Factory)
Move out with 1 Medivac, 2 Hellions, and about ~14 marines at 4:50, with another set of Hellions on the way, and another Medivac as well to reinforce.
This variation timing should hit at 5:20 and be able to do a lot more damage than the 5:50 original timing.

On Oct. 1, 2016, 12:05 p.m., Strikhue  said:

Thx ♥ SALT code is now updated!

On Sept. 30, 2016, 7:49 p.m., somekid38  said:

Nice upload. Could you please change the SALT code so 1:29 reaper oc and 1:40 cc are separate? Thanks.

Create an account to comment!